 Dungeon Crawl Stone Soup version 0.13-a0-1590-g33f0eee (webtiles) character file.

2688 Fv001 the Covered (level 9, 0/73 HPs)
             Began as a Minotaur Fighter on June 13, 2013.
             Was a Believer of Okawaru.
             Slain by a goliath beetle (14 damage)
             ... on Level 8 of the Dungeon.
             The game lasted 00:43:29 (8074 turns).

Fv001 the Covered (Minotaur Fighter)                Turns: 8074, Time: 00:43:29

HP   0/73        AC 13     Str 21      XL: 9   Next: 17%
MP   8/8         EV  3     Int  8      God: Okawaru [**....]
Gold 395         SH 20     Dex 10      Spells:  1 memorised,  9 levels left

Res.Fire  : . . .   See Invis. : .   v - +2,+3 orc flail
Res.Cold  : . . .   Warding    : .   A - +0 plate armour
Life Prot.: . . .   Conserve   : .   c - +0 shield
Res.Poison: .       Res.Corr.  : .   (helmet restricted)
Res.Elec. : .       Clarity    : +   (no cloak)
Sust.Abil.: + .     Spirit.Shd : .   D - +0 pair of gloves
Res.Mut.  : .       Stasis     : .   (no boots)
Res.Rott. : .       Flight     : .   B - amulet of clarity
Saprovore : . . .                    x - ring of sustain abilities
                                     n - ring of sustenance

@: slightly resistant to hostile enchantments, extremely unstealthy
A: retaliatory headbutt, horns 2
a: Heroism, Renounce Religion


You were on level 8 of the Dungeon.
You worshipped Okawaru.
Okawaru was most pleased with you.
You were not hungry.

You visited 2 branches of the dungeon, and saw 9 of its levels.

You collected 375 gold pieces.

Inventory:

Hand weapons
 t - a +0,+0 sling
 v - a +2,+3 orcish flail (weapon)
Missiles
 e - 109 darts (quivered)
 g - 178 stones
 m - 48 sling bullets
 p - a dart of flame
 y - a dart of dispersal
Armour
 c - a +0 shield (worn)
 A - a +0 plate armour (worn)
 D - a +0 pair of gloves (worn)
Magical devices
 a - a wand of random effects (16)
 s - a wand of lightning (7)
Comestibles
 d - 3 bread rations
 f - 10 strawberries
 i - a lychee
 r - a pear
 u - 4 meat rations
 w - 2 chokos
Scrolls
 k - 2 scrolls of teleportation
 q - 3 scrolls of remove curse
 C - a scroll of recharging
 F - a scroll of immolation {unknown}
 J - a scroll of enchant armour {unknown}
Jewellery
 n - a ring of sustenance (left hand)
 o - an uncursed ring of protection from fire
 x - a ring of sustain abilities (right hand)
 B - an amulet of clarity (around neck)
 G - an uncursed ring of regeneration
 I - an uncursed amulet of guardian spirit {unknown}
Potions
 h - 9 potions of curing
 j - a potion of heal wounds {unknown}
 l - a potion of speed
 z - 2 potions of degeneration {unknown}
 E - 2 potions of brilliance {unknown}
 H - a potion of mutation {unknown}
Books
 b - the Handbook of Stones
   (You found it on level 4 of the Dungeon)

   Spells                             Type                      Level
   Stoneskin                          Transmutation/Earth          2
   *Stone Arrow                       Conjuration/Earth            3
   Shatter                            Earth                        9


   Skills:
 + Level 5.0 Fighting
 + Level 4.4 Maces & Flails
 * Level 4.7 Slings
 + Level 0.6 Throwing
 + Level 6.0 Armour
 + Level 3.0 Dodging
 + Level 2.9 Stealth
 + Level 5.9 Shields
 + Level 1.7 Traps
 * Level 2.4 Spellcasting
 * Level 2.0 Conjurations
 * Level 2.1 Earth Magic
 + Level 0.4 Evocations


You had 9 spell levels left.
You knew the following spells:

 Your Spells              Type           Power        Failure   Level  Hunger
a - Stone Arrow           Conj/Erth      #.....       100%        3    ####...


Dungeon Overview and Level Annotations

Branches:
Dungeon (8/27)             Temple (1/1) D:4
    Orc: D:6-11        Lair: D:8-13

Altars:
Ashenzari
Cheibriados
Elyvilon
Fedhas
Kikubaaqudgha
Makhleb
Nemelex Xobeh
Okawaru
Sif Muna
Trog
Vehumet
Xom
Yredelemnul
Zin
the Shining One


Innate Abilities, Weirdness & Mutations

You reflexively headbutt those who attack you in melee.
You have a pair of horns on your head.


Message History

You hit the goliath beetle.
You headbutt the goliath beetle, but do no damage.
The goliath beetle is heavily wounded.
The goliath beetle bites you.
You hit the goliath beetle.
The goliath beetle is heavily wounded.
The goliath beetle bites you!
You hit the goliath beetle.
The goliath beetle is heavily wounded.
You hit the goliath beetle.
You headbutt the goliath beetle, but do no damage.
The goliath beetle is severely wounded.
The goliath beetle bites you!
* * * LOW HITPOINT WARNING * * *
You hit the goliath beetle but do no damage.
The goliath beetle is severely wounded.
You hit the goliath beetle.
The goliath beetle is severely wounded.
The goliath beetle bites you!
You die...

.....)......##....
....................
.....................
....................
....................
..................#
.................# .
................)## ...
...........>...)@B#......
#..............)))...>...
##.........###........
##.......## ##.....
##.....## ..... ###..##
.#.. #### #


You could see a goliath beetle.

Vanquished Creatures
  A shadow (D:6)
  A necrophage (D:6)
  An orc warrior (D:7)
  A yellow wasp (D:6)
  A sky beast (D:5)
  An ogre (D:3)
  2 phantoms
  A centaur (D:6)
  An ice beast (D:5)
  2 giant frogs (D:6)
  4 crimson imps
  A sky beast zombie (D:6)
  A hound (D:7)
  2 orc priests (D:5)
  2 scorpions
  An iguana (D:5)
  8 orc wizards
  6 worker ants
  A jelly (D:5)
  7 adders
  An adder zombie (D:5)
  2 worms
  A bat skeleton (D:4)
  A bat zombie (D:7)
  A giant eyeball (D:4)
  4 giant geckos
  26 orcs
  3 giant cockroaches
  6 goblins
  14 hobgoblins
  13 jackals
  6 quokkas
  5 ball pythons
  14 bats
  A giant gecko zombie (D:6)
  6 giant newts
  2 giant spores
  A hobgoblin skeleton (D:8)
  11 kobolds
  A kobold zombie (D:7)
  12 rats
  A rat skeleton (D:5)
  A rat zombie (D:5)
  5 ballistomycetes
  A plant (D:2)
184 creatures vanquished.

Vanquished Creatures (others)
  A rat (D:1)
1 creature vanquished.

Grand Total: 185 creatures vanquished

Notes
Turn   | Place    | Note
--------------------------------------------------------------
     0 | D:1      | Fv001, the Minotaur Fighter, began the quest for the Orb.
     0 | D:1      | Reached XP level 1. HP: 19/19 MP: 0/0
   365 | D:1      | Reached XP level 2. HP: 26/26 MP: 0/0
  1211 | D:2      | Reached skill level 4 in Fighting
  1254 | D:2      | Reached XP level 3. HP: 33/33 MP: 1/1
  2000 | D:2      | Reached skill level 1 in Slings
  2000 | D:2      | Reached XP level 4. HP: 40/40 MP: 1/1
  2243 | D:3      | Noticed an ogre
  2366 | D:3      | Killed an ogre
  2366 | D:3      | Reached skill level 1 in Dodging
  2366 | D:3      | Reached skill level 1 in Stealth
  2366 | D:3      | Reached skill level 1 in Spellcasting
  2366 | D:3      | Reached XP level 5. HP: 46/46 MP: 1/2
  2817 | D:4      | Found a staircase to the Ecumenical Temple.
  2839 | Temple   | Entered the Ecumenical Temple
  2975 | Temple   | Became a worshipper of Warmaster Okawaru
  3278 | D:4      | Reached XP level 6. HP: 21/53 MP: 3/3
  3779 | D:4      | Reached skill level 1 in Traps
  3950 | D:4      | Noticed a phantom
  3981 | D:4      | Killed a phantom
  3981 | D:4      | Reached XP level 7. HP: 44/59 MP: 4/4
  4328 | D:4      | Reached skill level 5 in Shields
  4412 | D:4      | Paralysed by a giant eyeball for 3 turns
  4446 | D:4      | Identified the Handbook of Stones
  4469 | D:4      | Learned a level 3 spell: Stone Arrow
  4732 | D:5      | Entered Level 5 of the Dungeon
  4943 | D:5      | Found a radiant altar of Vehumet.
  4974 | D:5      | Reached skill level 5 in Armour
  5082 | D:5      | Acquired Okawaru's first power
  5158 | D:5      | Reached skill level 1 in Conjurations
  5247 | D:5      | Reached skill level 1 in Earth Magic
  5333 | D:5      | Reached XP level 8. HP: 60/67 MP: 5/5
  5689 | D:6      | Found a burning altar of Makhleb.
  6672 | D:7      | Found a basalt altar of Yredelemnul.
  6931 | D:7      | Reached skill level 5 in Fighting
  7316 | D:7      | Reached XP level 9. HP: 73/73 MP: 8/8
  7820 | D:8      | Found a glowing golden altar of the Shining One.
  7888 | D:8      | Reached skill level 6 in Armour
  8074 | D:8      | Slain by a goliath beetle

Action                   |  1- 3 |  4- 6 |  7- 9 || total
-------------------------+-------+-------+-------++-------
Melee: Mace              |   101 |   161 |       ||   262
       Flail             |       |       |   323 ||   323
 Fire: Sling             |    32 |    26 |     9 ||    67
Throw: Dart              |     9 |     1 |     8 ||    18
Evoke: Wand              |       |       |     2 ||     2
  Use: Scroll            |     9 |     3 |     6 ||    18
       Potion            |       |       |     1 ||     1
